[ AOE2 MATCH · #481925644 ]
UnrankedRomans vs Wei
[ REPLAY ANALYSIS · EXTRACTED FROM THE RECORDED GAME ]
Feudal
10:07
Castle
13:37
Imperial
28:50
| APM avg | 20.9 |
| APM peak | 56 |
| eAPM avg | 16.3 |
| Villagers / military | 158 / 754 |
Focus
⚔️ 44.1% · 🌾 55.9%
Spearman ×469 · Scorpion ×246 · Battering Ram ×33 · Trebuchet (Packed) ×5 · Monk ×1
Feudal
12:42
Castle
19:15
Imperial
35:40
| APM avg | 27.1 |
| APM peak | 74 |
| eAPM avg | 17.9 |
| Villagers / military | 124 / 343 |
Focus
⚔️ 39.7% · 🌾 60.3%
Scout Cavalry ×331 · Unknown (1944) ×170 · Unknown (1952) ×62 · Unknown (1949) ×34 · Skirmisher ×12
Feudal
10:30
Castle
14:25
Imperial
33:18
| APM avg | 18.2 |
| APM peak | 44 |
| eAPM avg | 11.7 |
| Villagers / military | 121 / 494 |
Focus
⚔️ 36.8% · 🌾 63.2%
Archer ×348 · War Elephant ×143 · Knight ×3
Feudal
11:11
Castle
19:22
Imperial
38:09
| APM avg | 14.4 |
| APM peak | 36 |
| eAPM avg | 11.6 |
| Villagers / military | 133 / 758 |
Focus
⚔️ 52.0% · 🌾 48.0%
Spearman ×344 · Teutonic Knight ×285 · Knight ×113 · Battering Ram ×12 · Trebuchet (Packed) ×4
Feudal
13:20
Castle
17:20
Imperial
22:10
| APM avg | 25.4 |
| APM peak | 67 |
| eAPM avg | 17.6 |
| Villagers / military | 203 / 250 |
Focus
⚔️ 20.9% · 🌾 79.1%
Genoese Crossbowman ×135 · Scout Cavalry ×110 · Trade Cart ×10 · Bombard Cannon ×5
Feudal
11:48
Castle
17:27
Imperial
34:50
| APM avg | 9.9 |
| APM peak | 65 |
| eAPM avg | 9.3 |
| Villagers / military | 140 / 134 |
Focus
⚔️ 31.2% · 🌾 68.8%
Knight ×133 · Scout Cavalry ×1
Feudal
16:35
Castle
20:30
Imperial
35:56
| APM avg | 19.9 |
| APM peak | 58 |
| eAPM avg | 10.4 |
| Villagers / military | 124 / 421 |
Focus
⚔️ 32.0% · 🌾 68.0%
Scout Cavalry ×212 · Throwing Axeman ×154 · Knight ×55 · Trade Cart ×15
Feudal
10:26
Castle
13:58
Imperial
31:31
| APM avg | 49.4 |
| APM peak | 100 |
| eAPM avg | 28.7 |
| Villagers / military | 169 / 281 |
Focus
⚔️ 31.3% · 🌾 68.7%
Scout Cavalry ×113 · Camel Scout ×95 · Elephant Archer ×38 · Skirmisher ×11 · Monk ×7 · Chakram Thrower ×7
Match map
Initial resources + every placement click. Lines = walls · curves = elevation contours. ◆ gold · ⬟ stone · ● berries · ✦ relic · ◌ wall gap
Your base· ✓ Closed at 13:37 · 0t walls · 3 gate(s)
Dharos's base· ✓ Closed at 19:15 · 0t walls · 3 gate(s)
Elispar's base· ✓ Closed at 14:25 · 0t walls · 2 gate(s)
dobry gracz2137's base· ✓ Closed at 19:22 · 0t walls · 2 gate(s)
PorT_steves's base· ✓ Closed at 17:20 · 0t walls · 3 gate(s)
sheng.an.max's base· ✓ Closed at 17:27 · 0t walls · 2 gate(s)
PorT_BarroZo's base· ✓ Closed at 20:30 · 0t walls · 3 gate(s)
max50202's base· ✓ Closed at 13:58 · 0t walls · 3 gate(s)
Smoothed initial terrain · ◌ = detected wall gap · hover for details
Inputs per minute
— PorT_phlyp - - Dharos
Build order — PorT_phlyp
First 150 of 549 actions detected
| 0:01 | Create | Villager (Male) ×4 |
| 0:02 | Build | House |
| 0:04 | Build | House |
| 1:30 | Create | Villager (Male) |
| 1:30 | Create | Villager (Male) |
| 1:49 | Build | Lumber Camp |
| 1:53 | Create | Villager (Male) |
| 1:53 | Create | Villager (Male) |
| 2:29 | Create | Villager (Male) |
| 2:30 | Create | Villager (Male) |
| 2:45 | Create | Villager (Male) |
| 2:45 | Create | Villager (Male) |
| 3:01 | Build | House |
| 3:17 | Create | Villager (Male) |
| 3:17 | Create | Villager (Male) |
| 4:00 | Create | Villager (Male) |
| 4:00 | Create | Villager (Male) |
| 4:15 | Build | Mill |
| 5:02 | Create | Villager (Male) |
| 5:03 | Create | Villager (Male) |
| 5:03 | Create | Villager (Male) |
| 5:11 | Create | Villager (Male) |
| 5:11 | Create | Villager (Male) |
| 5:40 | Create | Villager (Male) |
| 5:40 | Create | Villager (Male) |
| 5:50 | Build | House |
| 5:57 | Create | Villager (Male) |
| 5:58 | Create | Villager (Male) |
| 6:27 | Create | Villager (Male) |
| 7:36 | Build | Mining Camp |
| 7:52 | Research | Feudal Age |
| 8:46 | Create | Villager (Male) |
| 8:47 | Create | Villager (Male) |
| 10:07 | Age | Feudal Age |
| 10:09 | Build | Market |
| 10:12 | Build | Blacksmith |
| 10:52 | Research | Castle Age |
| 10:52 | Research | Castle Age |
| 11:22 | Create | Villager (Male) |
| 11:26 | Research | Loom |
| 11:39 | Research | Double-Bit Axe |
| 11:59 | Build | House |
| 12:01 | Create | Villager (Male) |
| 12:01 | Create | Villager (Male) |
| 12:44 | Build | House |
| 12:58 | Research | Horse Collar |
| 13:37 | Age | Castle Age |
| 13:42 | Build | Siege Workshop |
| 13:43 | Create | Villager (Male) |
| 14:15 | Build | Monastery |
| 14:22 | Build | Farm |
| 14:23 | Create | Villager (Male) |
| 14:28 | Build | House |
| 14:33 | Build | Farm |
| 14:48 | Create | Villager (Male) |
| 14:51 | Build | House |
| 14:53 | Create | Villager (Male) |
| 14:56 | Build | Farm |
| 15:05 | Build | House |
| 15:13 | Create | Monk |
| 15:28 | Build | Farm |
| 15:32 | Build | Farm |
| 15:47 | Build | House |
| 15:53 | Build | Farm |
| 15:56 | Create | Villager (Male) |
| 16:18 | Build | Town Center |
| 16:21 | Create | Villager (Male) |
| 16:31 | Build | House |
| 16:37 | Build | Farm |
| 16:46 | Create | Villager (Male) |
| 17:02 | Build | Farm |
| 17:07 | Build | House |
| 17:18 | Create | Villager (Male) |
| 17:18 | Create | Villager (Male) |
| 17:24 | Build | Farm |
| 17:28 | Create | Villager (Male) |
| 17:45 | Build | Town Center |
| 17:49 | Create | Villager (Male) |
| 18:00 | Build | Farm |
| 18:03 | Create | Scorpion |
| 18:10 | Build | House |
| 18:12 | Create | Villager (Male) |
| 18:21 | Build | Farm |
| 18:22 | Build | Farm |
| 18:28 | Create | Villager (Male) |
| 18:38 | Create | Villager (Male) |
| 18:40 | Create | Scorpion |
| 18:41 | Create | Scorpion |
| 18:50 | Build | House |
| 18:51 | Create | Villager (Male) |
| 18:51 | Create | Villager (Male) |
| 18:58 | Build | Farm |
| 18:59 | Build | Farm |
| 19:03 | Create | Villager (Male) |
| 19:03 | Create | Villager (Male) |
| 19:15 | Create | Villager (Male) |
| 19:16 | Create | Villager (Male) |
| 19:20 | Create | Scorpion |
| 19:20 | Create | Scorpion |
| 19:31 | Build | House |
| 19:33 | Build | House |
| 19:34 | Create | Villager (Male) |
| 19:34 | Create | Villager (Male) |
| 19:38 | Build | Farm |
| 19:40 | Build | Farm |
| 19:41 | Create | Villager (Male) |
| 19:41 | Create | Villager (Male) |
| 19:52 | Create | Villager (Male) |
| 19:52 | Create | Villager (Male) |
| 19:56 | Create | Villager (Male) |
| 19:57 | Create | Villager (Male) |
| 20:01 | Build | Farm |
| 20:02 | Build | Farm |
| 20:18 | Build | Farm |
| 20:19 | Build | Farm |
| 20:20 | Create | Villager (Male) |
| 20:20 | Create | Villager (Male) |
| 20:21 | Create | Villager (Male) |
| 20:32 | Build | House |
| 20:33 | Build | House |
| 20:34 | Create | Villager (Male) |
| 20:34 | Create | Villager (Male) |
| 20:39 | Build | Farm |
| 20:41 | Build | Farm |
| 20:58 | Build | University |
| 20:58 | Create | Villager (Male) |
| 20:59 | Create | Villager (Male) |
| 21:00 | Create | Villager (Male) |
| 21:00 | Create | Villager (Male) |
| 21:04 | Build | Farm |
| 21:06 | Build | Farm |
| 21:17 | Create | Scorpion |
| 21:18 | Create | Villager (Male) |
| 21:19 | Create | Villager (Male) |
| 21:32 | Create | Villager (Male) |
| 21:38 | Create | Villager (Male) |
| 21:39 | Create | Villager (Male) |
| 21:43 | Build | Farm |
| 21:44 | Build | Farm |
| 21:57 | Create | Scorpion |
| 21:58 | Create | Scorpion |
| 22:03 | Create | Villager (Male) |
| 22:03 | Create | Villager (Male) |
| 22:17 | Build | Mining Camp |
| 22:20 | Create | Villager (Male) |
| 22:20 | Create | Villager (Male) |
| 22:25 | Create | Villager (Male) |
| 22:25 | Create | Villager (Male) |
| 22:27 | Build | Farm |
| 22:31 | Build | Farm |
Build order — Dharos
First 150 of 598 actions detected
| 0:02 | Create | Villager (Male) |
| 0:02 | Create | Villager (Male) |
| 0:03 | Build | House |
| 0:05 | Build | House |
| 0:33 | Create | Villager (Male) |
| 0:33 | Create | Villager (Male) |
| 1:45 | Create | Villager (Male) |
| 1:48 | Build | Lumber Camp |
| 2:05 | Create | Villager (Male) |
| 2:26 | Create | Villager (Male) |
| 2:56 | Create | Villager (Male) |
| 2:56 | Create | Villager (Male) |
| 3:34 | Build | House |
| 3:35 | Build | House |
| 3:47 | Create | Villager (Male) |
| 4:31 | Create | Villager (Male) |
| 4:31 | Create | Villager (Male) |
| 4:57 | Create | Villager (Male) |
| 5:32 | Create | Villager (Male) |
| 5:33 | Create | Villager (Male) |
| 5:33 | Create | Villager (Male) |
| 6:00 | Create | Villager (Male) |
| 6:26 | Build | Mill |
| 6:31 | Create | Villager (Male) |
| 6:51 | Build | Lumber Camp |
| 6:53 | Create | Villager (Male) |
| 7:13 | Create | Villager (Male) |
| 7:27 | Build | Mill |
| 7:32 | Create | Villager (Male) |
| 7:51 | Build | House |
| 7:53 | Build | House |
| 8:15 | Create | Villager (Male) |
| 8:19 | Create | Villager (Male) |
| 9:00 | Create | Villager (Male) |
| 9:19 | Create | Villager (Male) |
| 9:19 | Create | Villager (Male) |
| 9:46 | Build | Mining Camp |
| 9:50 | Research | Feudal Age |
| 10:13 | Research | Loom |
| 10:47 | Build | Farm |
| 10:47 | Build | Farm |
| 10:48 | Build | Farm |
| 10:48 | Build | Farm |
| 12:42 | Age | Feudal Age |
| 12:43 | Research | Double-Bit Axe |
| 12:43 | Research | Double-Bit Axe |
| 12:46 | Research | Horse Collar |
| 12:46 | Research | Horse Collar |
| 12:48 | Research | Gold Mining |
| 12:48 | Research | Stone Mining |
| 12:58 | Build | Market |
| 13:04 | Build | Blacksmith |
| 13:10 | Create | Villager (Male) |
| 13:21 | Create | Villager (Male) |
| 13:50 | Build | House |
| 13:55 | Build | House |
| 14:00 | Create | Villager (Male) |
| 14:30 | Create | Villager (Male) |
| 14:34 | Create | Villager (Male) |
| 15:03 | Build | Farm |
| 15:03 | Build | Farm |
| 15:03 | Build | Farm |
| 15:03 | Build | Farm |
| 15:04 | Build | Farm |
| 15:05 | Build | Farm |
| 15:05 | Build | Farm |
| 15:06 | Build | Farm |
| 15:13 | Build | Farm |
| 15:13 | Build | Farm |
| 15:15 | Create | Villager (Male) |
| 15:40 | Create | Villager (Male) |
| 15:58 | Create | Villager (Male) |
| 16:35 | Research | Castle Age |
| 17:07 | Research | Wheelbarrow |
| 17:31 | Build | Barracks |
| 18:59 | Build | Archery Range |
| 19:01 | Build | Stable |
| 19:15 | Age | Castle Age |
| 19:18 | Build | Town Center |
| 19:25 | Build | Town Center |
| 19:37 | Create | Villager (Male) |
| 19:38 | Create | Villager (Male) |
| 19:38 | Create | Villager (Male) |
| 19:46 | Build | House |
| 19:47 | Build | House |
| 19:49 | Build | House |
| 19:51 | Build | House |
| 19:51 | Build | House |
| 19:54 | Build | House |
| 19:55 | Build | House |
| 19:56 | Build | House |
| 19:58 | Build | House |
| 19:59 | Build | House |
| 20:00 | Build | House |
| 20:01 | Build | House |
| 20:03 | Build | House |
| 20:04 | Build | House |
| 20:05 | Build | House |
| 20:06 | Build | House |
| 20:13 | Create | Unit 1952 |
| 20:19 | Research | Fletching |
| 20:21 | Create | Villager (Male) |
| 20:21 | Create | Villager (Male) |
| 20:23 | Create | Villager (Male) |
| 20:31 | Create | Villager (Male) |
| 20:31 | Create | Villager (Male) |
| 20:35 | Create | Unit 1952 |
| 20:50 | Create | Unit 1952 |
| 20:51 | Create | Villager (Male) |
| 20:54 | Research | Hand Cart |
| 21:01 | Research | Bloodlines |
| 21:14 | Create | Unit 1952 |
| 21:22 | Research | Bow Saw |
| 21:40 | Build | Farm |
| 21:40 | Build | Farm |
| 21:43 | Build | Farm |
| 21:43 | Build | Farm |
| 21:48 | Build | Farm |
| 21:48 | Build | Farm |
| 21:53 | Build | Farm |
| 21:53 | Build | Farm |
| 21:54 | Build | Farm |
| 21:59 | Create | Villager (Male) |
| 21:59 | Create | Villager (Male) |
| 22:00 | Create | Villager (Male) |
| 22:11 | Create | Villager (Male) |
| 22:24 | Create | Unit 1952 |
| 22:30 | Research | Heavy Plow |
| 22:35 | Create | Villager (Male) |
| 22:35 | Create | Villager (Male) |
| 23:13 | Create | Villager (Male) |
| 23:13 | Create | Villager (Male) |
| 23:14 | Create | Villager (Male) |
| 23:23 | Create | Villager (Male) |
| 23:23 | Create | Villager (Male) |
| 23:27 | Build | Farm |
| 23:27 | Build | Farm |
| 23:28 | Build | Farm |
| 23:31 | Create | Unit 1952 |
| 23:35 | Create | Unit 1944 |
| 23:38 | Research | Husbandry |
| 23:47 | Create | Unit 1944 |
| 23:49 | Create | Unit 1952 |
| 23:50 | Create | Villager (Male) |
| 23:50 | Create | Villager (Male) |
| 24:02 | Build | Farm |
| 24:04 | Build | Farm |
| 24:07 | Build | Farm |
| 24:10 | Create | Villager (Male) |
| 24:11 | Create | Villager (Male) |
Build order — Elispar
First 150 of 424 actions detected
| 0:00 | Create | Villager (Male) |
| 0:00 | Create | Villager (Male) |
| 0:02 | Build | House |
| 0:04 | Build | House |
| 0:05 | Create | Villager (Male) |
| 0:05 | Create | Villager (Male) |
| 0:05 | Create | Villager (Male) |
| 1:24 | Create | Villager (Male) |
| 1:43 | Build | Lumber Camp |
| 1:59 | Create | Villager (Male) |
| 2:49 | Create | Villager (Male) |
| 3:18 | Build | House |
| 3:20 | Create | Villager (Male) |
| 3:20 | Create | Villager (Male) |
| 3:52 | Build | Mill |
| 4:00 | Create | Villager (Male) |
| 4:01 | Create | Villager (Male) |
| 4:03 | Create | Villager (Male) |
| 5:20 | Create | Villager (Male) |
| 5:20 | Create | Villager (Male) |
| 5:21 | Create | Villager (Male) |
| 5:47 | Create | Villager (Male) |
| 6:15 | Build | Farm |
| 6:16 | Build | Farm |
| 6:16 | Build | Farm |
| 6:35 | Build | House |
| 6:49 | Create | Villager (Male) |
| 6:49 | Create | Villager (Male) |
| 7:26 | Build | Farm |
| 7:56 | Create | Villager (Male) |
| 7:57 | Create | Villager (Male) |
| 8:12 | Research | Feudal Age |
| 8:16 | Build | Mining Camp |
| 9:52 | Create | Villager (Male) |
| 9:53 | Create | Villager (Male) |
| 10:30 | Age | Feudal Age |
| 10:46 | Build | Market |
| 10:49 | Build | Blacksmith |
| 10:57 | Build | House |
| 11:44 | Build | Farm |
| 11:57 | Build | Farm |
| 12:00 | Research | Castle Age |
| 12:39 | Build | House |
| 13:09 | Create | Villager (Male) |
| 13:09 | Create | Villager (Male) |
| 13:38 | Research | Double-Bit Axe |
| 13:40 | Research | Horse Collar |
| 13:50 | Build | Barracks |
| 14:25 | Age | Castle Age |
| 14:26 | Build | Stable |
| 16:00 | Build | Archery Range |
| 16:12 | Create | Villager (Male) |
| 16:12 | Create | Villager (Male) |
| 16:13 | Create | Villager (Male) |
| 16:13 | Create | Villager (Male) |
| 16:13 | Create | Villager (Male) |
| 16:24 | Research | Fletching |
| 16:37 | Research | Bow Saw |
| 17:07 | Build | House |
| 17:08 | Build | House |
| 17:09 | Build | House |
| 17:10 | Build | House |
| 17:30 | Create | Villager (Male) |
| 17:31 | Create | Villager (Male) |
| 17:44 | Build | Mining Camp |
| 18:06 | Build | Farm |
| 18:06 | Build | Farm |
| 18:07 | Build | Farm |
| 18:15 | Build | Farm |
| 18:16 | Build | Farm |
| 18:17 | Build | Farm |
| 18:36 | Research | Heavy Plow |
| 18:56 | Create | Villager (Male) |
| 19:17 | Build | House |
| 19:20 | Build | House |
| 19:21 | Build | House |
| 19:23 | Build | House |
| 19:24 | Build | House |
| 19:26 | Build | House |
| 19:43 | Create | Villager (Male) |
| 19:44 | Create | Villager (Male) |
| 19:44 | Create | Villager (Male) |
| 19:49 | Build | Town Center |
| 20:35 | Build | Farm |
| 20:41 | Create | Villager (Male) |
| 20:42 | Create | Villager (Male) |
| 20:43 | Create | Villager (Male) |
| 20:43 | Create | Villager (Male) |
| 20:44 | Create | Villager (Male) |
| 20:57 | Research | Bodkin Arrow |
| 21:00 | Research | Padded Archer Armor |
| 21:05 | Build | House |
| 21:10 | Create | Villager (Male) |
| 21:11 | Create | Villager (Male) |
| 21:11 | Create | Villager (Male) |
| 21:24 | Build | Farm |
| 21:25 | Build | Farm |
| 21:25 | Build | Farm |
| 21:26 | Build | Farm |
| 21:27 | Build | Farm |
| 21:29 | Build | Farm |
| 21:43 | Create | Villager (Male) |
| 21:44 | Create | Villager (Male) |
| 21:44 | Create | Villager (Male) |
| 22:03 | Build | Farm |
| 22:08 | Build | Farm |
| 22:14 | Build | Farm |
| 22:20 | Build | Farm |
| 22:34 | Build | Farm |
| 22:42 | Build | Lumber Camp |
| 22:53 | Create | Villager (Male) |
| 22:54 | Create | Villager (Male) |
| 22:58 | Build | Farm |
| 23:10 | Create | Knight |
| 23:10 | Create | Knight |
| 23:10 | Create | Knight |
| 23:21 | Build | Castle |
| 23:37 | Build | Castle |
| 23:55 | Build | Farm |
| 23:56 | Build | Farm |
| 24:00 | Create | Villager (Male) |
| 24:00 | Create | Villager (Male) |
| 24:00 | Create | Villager (Male) |
| 24:01 | Create | Villager (Male) |
| 24:01 | Create | Villager (Male) |
| 24:01 | Create | Villager (Male) |
| 24:02 | Create | Villager (Male) |
| 24:02 | Create | Villager (Male) |
| 24:02 | Create | Villager (Male) |
| 24:03 | Create | Villager (Male) |
| 24:09 | Build | House |
| 24:11 | Build | House |
| 24:25 | Research | Wheelbarrow |
| 24:32 | Research | Gold Mining |
| 24:36 | Create | Villager (Male) |
| 24:37 | Create | Villager (Male) |
| 24:37 | Create | Villager (Male) |
| 24:41 | Create | Villager (Male) |
| 24:41 | Create | Villager (Male) |
| 24:42 | Create | Villager (Male) |
| 24:49 | Build | Farm |
| 24:49 | Build | Farm |
| 24:50 | Build | Farm |
| 24:51 | Build | Farm |
| 25:01 | Build | House |
| 25:03 | Build | House |
| 25:05 | Build | House |
| 25:06 | Build | House |
| 25:22 | Build | Archery Range |
| 25:33 | Research | Kamandaran |
Build order — dobry gracz2137
First 150 of 449 actions detected
| 0:05 | Build | House |
| 0:11 | Create | Villager (Male) |
| 0:11 | Research | Loom |
| 0:12 | Create | Villager (Male) |
| 0:12 | Create | Villager (Male) |
| 0:12 | Create | Villager (Male) |
| 0:13 | Create | Villager (Male) |
| 0:43 | Build | House |
| 0:44 | Build | House |
| 0:45 | Build | House |
| 1:31 | Create | Villager (Male) |
| 1:31 | Create | Villager (Male) |
| 2:13 | Create | Villager (Male) |
| 2:13 | Create | Villager (Male) |
| 2:56 | Create | Villager (Male) |
| 3:16 | Create | Villager (Male) |
| 3:50 | Create | Villager (Male) |
| 3:51 | Create | Villager (Male) |
| 3:51 | Create | Villager (Male) |
| 4:15 | Create | Villager (Male) |
| 4:15 | Create | Villager (Male) |
| 4:50 | Create | Villager (Male) |
| 4:50 | Create | Villager (Male) |
| 4:50 | Create | Villager (Male) |
| 5:50 | Build | Mill |
| 6:01 | Create | Villager (Male) |
| 6:32 | Create | Villager (Male) |
| 6:59 | Create | Villager (Male) |
| 6:59 | Create | Villager (Male) |
| 7:26 | Build | Lumber Camp |
| 7:43 | Create | Villager (Male) |
| 8:36 | Create | Villager (Male) |
| 8:41 | Research | Feudal Age |
| 9:00 | Build | Mining Camp |
| 9:17 | Build | House |
| 9:19 | Build | House |
| 9:23 | Build | House |
| 11:10 | Build | House |
| 11:11 | Age | Feudal Age |
| 11:15 | Create | Villager (Male) |
| 11:15 | Create | Villager (Male) |
| 11:15 | Create | Villager (Male) |
| 11:16 | Create | Villager (Male) |
| 11:16 | Create | Villager (Male) |
| 11:35 | Research | Horse Collar |
| 11:46 | Research | Double-Bit Axe |
| 11:58 | Build | Farm |
| 11:58 | Build | Farm |
| 11:59 | Build | Farm |
| 11:59 | Build | Farm |
| 12:20 | Create | Villager (Male) |
| 12:39 | Build | Farm |
| 12:39 | Build | Farm |
| 12:40 | Build | Farm |
| 12:41 | Build | Farm |
| 12:41 | Build | Farm |
| 12:53 | Build | Blacksmith |
| 13:01 | Create | Villager (Male) |
| 13:02 | Create | Villager (Male) |
| 13:29 | Build | Farm |
| 14:07 | Build | Market |
| 14:12 | Create | Villager (Male) |
| 14:13 | Create | Villager (Male) |
| 14:14 | Create | Villager (Male) |
| 14:43 | Build | Farm |
| 14:54 | Create | Villager (Male) |
| 15:05 | Build | Farm |
| 15:23 | Build | Farm |
| 15:32 | Build | Farm |
| 15:32 | Build | Farm |
| 15:40 | Build | Farm |
| 15:44 | Create | Villager (Male) |
| 15:44 | Create | Villager (Male) |
| 15:57 | Build | Farm |
| 16:07 | Create | Villager (Male) |
| 16:22 | Build | Farm |
| 16:40 | Research | Castle Age |
| 16:46 | Build | Farm |
| 17:16 | Research | Gold Mining |
| 19:02 | Build | Mining Camp |
| 19:05 | Research | Stone Mining |
| 19:12 | Research | Wheelbarrow |
| 19:17 | Create | Villager (Male) |
| 19:17 | Create | Villager (Male) |
| 19:18 | Create | Villager (Male) |
| 19:18 | Create | Villager (Male) |
| 19:19 | Create | Villager (Male) |
| 19:22 | Age | Castle Age |
| 19:33 | Build | Town Center |
| 19:37 | Research | Heavy Plow |
| 19:39 | Research | Bow Saw |
| 19:45 | Create | Villager (Male) |
| 19:45 | Create | Villager (Male) |
| 19:45 | Create | Villager (Male) |
| 20:31 | Research | Stone Shaft Mining |
| 20:37 | Create | Villager (Male) |
| 20:37 | Create | Villager (Male) |
| 20:38 | Create | Villager (Male) |
| 20:38 | Create | Villager (Male) |
| 20:38 | Create | Villager (Male) |
| 20:38 | Create | Villager (Male) |
| 20:39 | Create | Villager (Male) |
| 20:39 | Create | Villager (Male) |
| 22:22 | Build | Barracks |
| 22:28 | Research | Hand Cart |
| 22:34 | Research | Town Watch |
| 22:57 | Build | Siege Workshop |
| 23:19 | Build | House |
| 23:20 | Build | House |
| 23:21 | Build | House |
| 23:30 | Create | Villager (Male) |
| 23:30 | Create | Villager (Male) |
| 23:30 | Create | Villager (Male) |
| 23:30 | Create | Villager (Male) |
| 23:40 | Build | Town Center |
| 23:54 | Build | House |
| 23:55 | Build | House |
| 23:56 | Build | House |
| 23:57 | Build | House |
| 24:00 | Build | House |
| 24:00 | Build | House |
| 24:16 | Research | Squires |
| 24:17 | Research | Arson |
| 24:19 | Research | Gambesons |
| 24:29 | Create | Villager (Male) |
| 24:29 | Create | Villager (Male) |
| 24:37 | Build | House |
| 24:38 | Build | House |
| 24:42 | Research | Pikeman (upgrade) |
| 24:58 | Create | Villager (Male) |
| 24:59 | Create | Villager (Male) |
| 25:21 | Create | Spearman ×5 |
| 25:23 | Create | Spearman ×5 |
| 25:27 | Research | Scale Mail Armor |
| 25:27 | Research | Forging |
| 25:41 | Build | House |
| 25:43 | Build | House |
| 25:44 | Build | House |
| 25:44 | Build | House |
| 25:57 | Build | Castle |
| 26:04 | Create | Battering Ram |
| 26:05 | Create | Battering Ram |
| 26:05 | Create | Battering Ram |
| 26:12 | Create | Spearman ×4 |
| 26:12 | Create | Spearman ×4 |
| 26:18 | Create | Villager (Male) |
| 26:18 | Create | Villager (Male) |
| 26:18 | Create | Villager (Male) |
| 26:19 | Create | Villager (Male) |
| 26:19 | Create | Villager (Male) |
Build order — PorT_steves
First 150 of 567 actions detected
| 0:02 | Build | House |
| 0:04 | Build | House |
| 0:04 | Create | Villager (Male) |
| 0:05 | Create | Villager (Male) |
| 0:05 | Create | Villager (Male) |
| 0:05 | Create | Villager (Male) |
| 0:05 | Create | Villager (Male) |
| 1:31 | Create | Villager (Male) |
| 1:31 | Create | Villager (Male) |
| 1:55 | Build | Lumber Camp |
| 1:57 | Create | Villager (Male) |
| 2:41 | Create | Villager (Male) |
| 2:41 | Create | Villager (Male) |
| 2:42 | Create | Villager (Male) |
| 3:38 | Create | Villager (Male) |
| 3:38 | Create | Villager (Male) |
| 3:39 | Create | Villager (Male) |
| 3:39 | Create | Villager (Male) |
| 3:39 | Create | Villager (Male) |
| 3:47 | Build | House |
| 3:50 | Build | House |
| 4:33 | Create | Villager (Male) |
| 4:34 | Create | Villager (Male) |
| 5:02 | Build | Mill |
| 5:03 | Create | Villager (Male) |
| 5:03 | Create | Villager (Male) |
| 5:03 | Create | Villager (Male) |
| 5:03 | Create | Villager (Male) |
| 5:14 | Build | House |
| 6:42 | Create | Villager (Male) |
| 6:43 | Create | Villager (Male) |
| 6:43 | Create | Villager (Male) |
| 6:43 | Create | Villager (Male) |
| 6:43 | Create | Villager (Male) |
| 6:43 | Create | Villager (Male) |
| 7:15 | Build | Farm |
| 7:15 | Build | Farm |
| 7:16 | Build | Farm |
| 8:25 | Create | Villager (Male) |
| 8:25 | Create | Villager (Male) |
| 8:37 | Build | Farm |
| 8:40 | Build | Farm |
| 9:26 | Build | Mining Camp |
| 9:48 | Build | Farm |
| 9:57 | Create | Villager (Male) |
| 10:44 | Create | Villager (Male) |
| 11:08 | Build | Farm |
| 11:10 | Research | Feudal Age |
| 11:29 | Build | House |
| 12:11 | Build | Mining Camp |
| 12:38 | Create | Villager (Male) |
| 12:39 | Create | Villager (Male) |
| 13:20 | Age | Feudal Age |
| 13:24 | Build | Market |
| 13:29 | Build | Blacksmith |
| 14:00 | Create | Villager (Male) |
| 14:40 | Research | Castle Age |
| 14:40 | Research | Castle Age |
| 14:58 | Research | Horse Collar |
| 14:59 | Research | Double-Bit Axe |
| 15:03 | Research | Gold Mining |
| 16:13 | Create | Villager (Male) |
| 16:14 | Create | Villager (Male) |
| 16:21 | Build | House |
| 16:49 | Create | Villager (Male) |
| 17:20 | Age | Castle Age |
| 17:25 | Build | Castle |
| 17:31 | Create | Villager (Male) |
| 18:01 | Create | Villager (Male) |
| 18:08 | Create | Villager (Male) |
| 18:16 | Build | Farm |
| 18:17 | Build | Farm |
| 18:17 | Build | Farm |
| 18:17 | Build | Farm |
| 19:00 | Research | Imperial Age |
| 19:01 | Research | Imperial Age |
| 19:27 | Create | Genoese Crossbowman |
| 19:27 | Create | Genoese Crossbowman |
| 19:27 | Create | Genoese Crossbowman |
| 19:28 | Create | Genoese Crossbowman |
| 19:28 | Create | Genoese Crossbowman |
| 19:39 | Create | Villager (Male) |
| 19:39 | Create | Villager (Male) |
| 19:40 | Create | Villager (Male) |
| 19:40 | Create | Villager (Male) |
| 19:56 | Create | Genoese Crossbowman |
| 19:56 | Create | Genoese Crossbowman |
| 20:31 | Build | University |
| 20:43 | Create | Genoese Crossbowman |
| 20:49 | Create | Genoese Crossbowman |
| 20:49 | Create | Genoese Crossbowman |
| 21:11 | Create | Genoese Crossbowman |
| 21:16 | Create | Genoese Crossbowman |
| 22:03 | Research | Bow Saw |
| 22:10 | Age | Imperial Age |
| 22:12 | Create | Villager (Male) |
| 22:14 | Create | Villager (Male) |
| 22:24 | Create | Genoese Crossbowman |
| 22:33 | Create | Genoese Crossbowman |
| 22:36 | Create | Villager (Male) |
| 22:53 | Create | Genoese Crossbowman |
| 23:13 | Build | Town Center |
| 23:15 | Create | Villager (Male) |
| 23:15 | Create | Villager (Male) |
| 23:31 | Create | Villager (Male) |
| 23:31 | Create | Villager (Male) |
| 23:35 | Research | Heavy Plow |
| 23:38 | Create | Villager (Male) |
| 23:38 | Create | Villager (Male) |
| 23:39 | Create | Villager (Male) |
| 23:45 | Create | Genoese Crossbowman |
| 23:45 | Create | Genoese Crossbowman |
| 24:10 | Create | Villager (Male) |
| 24:15 | Create | Genoese Crossbowman |
| 24:16 | Create | Genoese Crossbowman |
| 24:16 | Create | Genoese Crossbowman |
| 24:16 | Create | Genoese Crossbowman |
| 24:39 | Create | Villager (Male) |
| 24:39 | Create | Villager (Male) |
| 24:40 | Create | Villager (Male) |
| 24:51 | Create | Villager (Male) |
| 25:14 | Build | Town Center |
| 25:18 | Create | Villager (Male) |
| 25:20 | Create | Villager (Male) |
| 25:31 | Build | Siege Workshop |
| 25:38 | Build | House |
| 25:39 | Build | House |
| 25:40 | Build | House |
| 25:45 | Build | House |
| 25:46 | Build | House |
| 25:55 | Create | Villager (Male) |
| 26:24 | Research | Chemistry |
| 26:27 | Research | Ballistics |
| 26:30 | Research | Padded Archer Armor |
| 26:32 | Create | Genoese Crossbowman |
| 26:51 | Build | Siege Workshop |
| 27:01 | Build | Barracks |
| 27:17 | Build | Castle |
| 27:22 | Create | Villager (Male) |
| 27:23 | Create | Villager (Male) |
| 27:23 | Create | Villager (Male) |
| 27:23 | Create | Villager (Male) |
| 27:24 | Create | Villager (Male) |
| 27:25 | Create | Villager (Male) |
| 27:25 | Create | Villager (Male) |
| 27:34 | Build | Farm |
| 27:35 | Build | Farm |
| 27:35 | Build | Farm |
| 27:35 | Build | Farm |
| 27:35 | Build | Farm |
Build order — sheng.an.max
First 150 of 411 actions detected
| 0:09 | Build | House |
| 0:12 | Research | Loom |
| 0:13 | Create | Villager (Male) |
| 0:13 | Create | Villager (Male) |
| 0:13 | Create | Villager (Male) |
| 0:13 | Create | Villager (Male) |
| 0:14 | Create | Villager (Male) |
| 0:58 | Build | House |
| 1:30 | Build | House |
| 2:12 | Build | House |
| 2:18 | Create | Villager (Male) |
| 2:18 | Create | Villager (Male) |
| 2:43 | Build | House |
| 2:54 | Create | Villager (Male) |
| 2:54 | Create | Villager (Male) |
| 3:19 | Create | Villager (Male) |
| 3:19 | Create | Villager (Male) |
| 3:51 | Create | Villager (Male) |
| 3:51 | Create | Villager (Male) |
| 3:51 | Create | Villager (Male) |
| 4:27 | Create | Villager (Male) |
| 4:27 | Create | Villager (Male) |
| 4:51 | Build | Mill |
| 5:01 | Create | Villager (Male) |
| 5:01 | Create | Villager (Male) |
| 5:23 | Create | Villager (Male) |
| 5:23 | Create | Villager (Male) |
| 5:45 | Create | Villager (Male) |
| 5:46 | Create | Villager (Male) |
| 5:46 | Create | Villager (Male) |
| 6:18 | Build | Lumber Camp |
| 6:31 | Create | Villager (Male) |
| 6:32 | Create | Villager (Male) |
| 6:32 | Create | Villager (Male) |
| 6:32 | Create | Villager (Male) |
| 6:49 | Create | Villager (Male) |
| 6:49 | Create | Villager (Male) |
| 7:11 | Create | Villager (Male) |
| 7:33 | Build | Mining Camp |
| 8:18 | Build | House |
| 9:20 | Build | House |
| 9:38 | Research | Feudal Age |
| 9:47 | Build | House |
| 10:23 | Build | House |
| 11:15 | Create | Villager (Male) |
| 11:16 | Create | Villager (Male) |
| 11:16 | Create | Villager (Male) |
| 11:48 | Age | Feudal Age |
| 11:52 | Build | House |
| 12:22 | Build | Market |
| 12:49 | Build | Blacksmith |
| 13:08 | Build | House |
| 13:42 | Build | Barracks |
| 14:44 | Build | Farm |
| 14:47 | Research | Castle Age |
| 14:48 | Create | Villager (Male) |
| 14:48 | Create | Villager (Male) |
| 14:48 | Create | Villager (Male) |
| 14:49 | Create | Villager (Male) |
| 15:01 | Build | House |
| 15:15 | Build | Lumber Camp |
| 15:40 | Build | Farm |
| 16:04 | Build | Mill |
| 17:07 | Build | Mill |
| 17:15 | Create | Villager (Male) |
| 17:15 | Create | Villager (Male) |
| 17:15 | Create | Villager (Male) |
| 17:16 | Create | Villager (Male) |
| 17:17 | Create | Villager (Male) |
| 17:17 | Create | Villager (Male) |
| 17:27 | Age | Castle Age |
| 17:34 | Create | Villager (Male) |
| 17:51 | Build | Farm |
| 18:16 | Build | Town Center |
| 18:53 | Build | Farm |
| 19:18 | Build | Farm |
| 19:46 | Build | Town Center |
| 19:56 | Create | Villager (Male) |
| 19:56 | Create | Villager (Male) |
| 19:57 | Create | Villager (Male) |
| 19:57 | Create | Villager (Male) |
| 19:57 | Create | Villager (Male) |
| 20:04 | Build | Farm |
| 20:18 | Create | Villager (Male) |
| 20:18 | Create | Villager (Male) |
| 20:19 | Create | Villager (Male) |
| 20:19 | Create | Villager (Male) |
| 20:22 | Create | Villager (Male) |
| 20:29 | Build | Farm |
| 20:50 | Build | Farm |
| 20:56 | Build | Farm |
| 21:03 | Create | Villager (Male) |
| 21:15 | Build | Farm |
| 21:21 | Build | Farm |
| 21:24 | Create | Villager (Male) |
| 21:25 | Create | Villager (Male) |
| 21:41 | Create | Villager (Male) |
| 21:41 | Create | Villager (Male) |
| 21:41 | Create | Villager (Male) |
| 21:46 | Build | Farm |
| 21:52 | Build | Farm |
| 21:56 | Create | Villager (Male) |
| 21:56 | Create | Villager (Male) |
| 22:04 | Build | Farm |
| 22:09 | Build | Farm |
| 22:12 | Create | Villager (Male) |
| 22:12 | Create | Villager (Male) |
| 22:22 | Build | Farm |
| 22:27 | Create | Villager (Male) |
| 22:27 | Create | Villager (Male) |
| 22:27 | Create | Villager (Male) |
| 22:36 | Build | Farm |
| 22:42 | Build | Farm |
| 22:48 | Build | Farm |
| 23:02 | Build | Farm |
| 23:05 | Create | Villager (Male) |
| 23:06 | Create | Villager (Male) |
| 23:06 | Create | Villager (Male) |
| 23:10 | Create | Villager (Male) |
| 23:10 | Create | Villager (Male) |
| 23:10 | Create | Villager (Male) |
| 23:10 | Create | Villager (Male) |
| 23:22 | Build | Farm |
| 23:30 | Create | Villager (Male) |
| 23:31 | Create | Villager (Male) |
| 23:31 | Create | Villager (Male) |
| 23:31 | Create | Villager (Male) |
| 23:39 | Build | Farm |
| 23:45 | Build | Farm |
| 23:49 | Create | Villager (Male) |
| 23:49 | Create | Villager (Male) |
| 23:49 | Create | Villager (Male) |
| 23:50 | Create | Villager (Male) |
| 23:56 | Create | Villager (Male) |
| 23:57 | Create | Villager (Male) |
| 24:05 | Build | Farm |
| 24:12 | Build | Farm |
| 24:18 | Build | Farm |
| 24:24 | Create | Villager (Male) |
| 24:25 | Create | Villager (Male) |
| 24:25 | Create | Villager (Male) |
| 24:25 | Create | Villager (Male) |
| 24:34 | Build | Farm |
| 24:37 | Create | Villager (Male) |
| 24:37 | Create | Villager (Male) |
| 24:44 | Build | Farm |
| 24:47 | Create | Villager (Male) |
| 24:51 | Create | Villager (Male) |
| 24:51 | Create | Villager (Male) |
| 24:51 | Create | Villager (Male) |
Build order — PorT_BarroZo
First 150 of 449 actions detected
| 0:06 | Build | House |
| 0:08 | Build | House |
| 0:09 | Build | House |
| 0:10 | Create | Villager (Male) |
| 0:10 | Create | Villager (Male) |
| 0:10 | Create | Villager (Male) |
| 0:11 | Create | Villager (Male) |
| 2:02 | Create | Villager (Male) |
| 2:02 | Create | Villager (Male) |
| 2:02 | Create | Villager (Male) |
| 2:52 | Create | Villager (Male) |
| 2:52 | Create | Villager (Male) |
| 3:32 | Create | Villager (Male) |
| 3:32 | Create | Villager (Male) |
| 3:33 | Create | Villager (Male) |
| 4:16 | Create | Villager (Male) |
| 4:17 | Create | Villager (Male) |
| 4:42 | Create | Villager (Male) |
| 5:09 | Create | Villager (Male) |
| 5:13 | Create | Villager (Male) |
| 5:32 | Build | House |
| 5:37 | Create | Villager (Male) |
| 5:37 | Create | Villager (Male) |
| 5:41 | Build | Lumber Camp |
| 6:09 | Create | Villager (Male) |
| 6:10 | Create | Villager (Male) |
| 6:38 | Build | House |
| 6:45 | Build | Mill |
| 7:17 | Create | Villager (Male) |
| 7:18 | Create | Villager (Male) |
| 7:18 | Create | Villager (Male) |
| 7:43 | Build | Mining Camp |
| 7:46 | Build | Mining Camp |
| 7:49 | Build | House |
| 9:34 | Create | Villager (Male) |
| 9:34 | Create | Villager (Male) |
| 9:34 | Create | Villager (Male) |
| 9:35 | Create | Villager (Male) |
| 10:55 | Build | House |
| 11:18 | Create | Villager (Male) |
| 11:18 | Create | Villager (Male) |
| 11:19 | Create | Villager (Male) |
| 11:19 | Create | Villager (Male) |
| 11:19 | Create | Villager (Male) |
| 11:48 | Build | Palisade Gate |
| 11:50 | Build | House |
| 11:55 | Build | Barracks |
| 11:58 | Build | House |
| 13:36 | Build | Farm |
| 13:37 | Build | Farm |
| 13:37 | Build | Farm |
| 13:38 | Build | Farm |
| 13:39 | Build | Farm |
| 13:40 | Build | Farm |
| 13:41 | Build | Farm |
| 13:42 | Build | Farm |
| 14:25 | Research | Feudal Age |
| 14:50 | Create | Villager (Male) |
| 14:50 | Create | Villager (Male) |
| 14:51 | Research | Loom |
| 15:06 | Build | House |
| 15:08 | Build | House |
| 15:11 | Build | House |
| 16:35 | Age | Feudal Age |
| 16:40 | Build | Market |
| 16:41 | Build | Blacksmith |
| 16:55 | Build | Farm |
| 16:56 | Build | Farm |
| 16:57 | Build | Farm |
| 16:58 | Build | Farm |
| 16:59 | Build | Farm |
| 17:12 | Research | Gold Mining |
| 17:15 | Research | Double-Bit Axe |
| 17:26 | Build | Stable |
| 17:39 | Research | Castle Age |
| 17:59 | Build | Farm |
| 18:04 | Research | Scale Mail Armor |
| 20:30 | Age | Castle Age |
| 20:31 | Build | Castle |
| 20:37 | Build | Town Center |
| 20:46 | Build | Town Center |
| 20:54 | Create | Villager (Male) |
| 20:54 | Create | Villager (Male) |
| 21:05 | Research | Squires |
| 21:07 | Research | Chain Mail Armor |
| 21:08 | Research | Forging |
| 21:18 | Build | Stable |
| 21:20 | Create | Villager (Male) |
| 21:20 | Create | Villager (Male) |
| 21:20 | Create | Villager (Male) |
| 21:23 | Create | Villager (Male) |
| 21:33 | Build | Farm |
| 21:36 | Create | Villager (Male) |
| 21:52 | Build | Farm |
| 21:53 | Create | Villager (Male) |
| 21:54 | Create | Villager (Male) |
| 21:57 | Create | Villager (Male) |
| 21:58 | Create | Villager (Male) |
| 22:13 | Build | Farm |
| 22:20 | Create | Throwing Axeman |
| 22:21 | Create | Throwing Axeman |
| 22:21 | Create | Throwing Axeman |
| 22:22 | Create | Throwing Axeman |
| 22:25 | Create | Throwing Axeman |
| 22:29 | Create | Villager (Male) |
| 22:31 | Create | Villager (Male) |
| 22:55 | Build | Farm |
| 22:58 | Build | Mill |
| 23:00 | Create | Villager (Male) |
| 23:01 | Create | Villager (Male) |
| 23:04 | Build | Farm |
| 23:06 | Build | Farm |
| 23:07 | Create | Villager (Male) |
| 23:14 | Create | Villager (Male) |
| 23:17 | Create | Villager (Male) |
| 23:22 | Build | Farm |
| 23:28 | Create | Villager (Male) |
| 23:35 | Build | Farm |
| 23:44 | Create | Throwing Axeman |
| 23:44 | Create | Throwing Axeman |
| 23:53 | Build | Farm |
| 23:55 | Create | Villager (Male) |
| 23:59 | Build | Farm |
| 24:04 | Create | Villager (Male) |
| 24:12 | Create | Villager (Male) |
| 24:22 | Build | Farm |
| 24:41 | Build | Farm |
| 24:44 | Build | Farm |
| 24:46 | Create | Villager (Male) |
| 24:47 | Create | Villager (Male) |
| 24:49 | Create | Villager (Male) |
| 24:49 | Create | Villager (Male) |
| 24:51 | Build | Farm |
| 24:54 | Create | Throwing Axeman |
| 24:54 | Create | Throwing Axeman |
| 24:54 | Create | Throwing Axeman |
| 25:02 | Create | Villager (Male) |
| 25:02 | Create | Villager (Male) |
| 25:17 | Create | Villager (Male) |
| 25:18 | Create | Villager (Male) |
| 25:20 | Build | Farm |
| 25:23 | Create | Villager (Male) |
| 25:26 | Create | Villager (Male) |
| 25:30 | Create | Throwing Axeman |
| 25:37 | Build | Farm |
| 25:39 | Create | Villager (Male) |
| 25:44 | Build | Farm |
| 25:47 | Build | Mill |
| 25:49 | Create | Villager (Male) |
| 25:51 | Create | Villager (Male) |
Build order — max50202
First 150 of 579 actions detected
| 0:01 | Create | Villager (Male) |
| 0:01 | Create | Villager (Male) |
| 0:02 | Build | House |
| 0:03 | Build | House |
| 0:26 | Create | Villager (Male) |
| 0:26 | Create | Villager (Male) |
| 0:27 | Create | Villager (Male) |
| 1:04 | Build | Mill |
| 1:44 | Create | Villager (Male) |
| 1:45 | Create | Villager (Male) |
| 1:45 | Create | Villager (Male) |
| 1:58 | Create | Villager (Male) |
| 1:59 | Create | Villager (Male) |
| 2:51 | Create | Villager (Male) |
| 2:51 | Create | Villager (Male) |
| 2:52 | Create | Villager (Male) |
| 3:18 | Create | Villager (Male) |
| 3:19 | Create | Villager (Male) |
| 3:58 | Create | Villager (Male) |
| 4:13 | Build | House |
| 4:17 | Create | Villager (Male) |
| 4:24 | Build | Lumber Camp |
| 4:29 | Create | Villager (Male) |
| 4:50 | Build | House |
| 4:53 | Create | Villager (Male) |
| 5:05 | Create | Villager (Male) |
| 5:06 | Create | Villager (Male) |
| 5:06 | Create | Villager (Male) |
| 5:31 | Create | Villager (Male) |
| 5:32 | Create | Villager (Male) |
| 6:05 | Build | Farm |
| 6:06 | Create | Villager (Male) |
| 6:07 | Create | Villager (Male) |
| 6:07 | Create | Villager (Male) ×2 |
| 6:30 | Build | Farm |
| 6:33 | Create | Villager (Male) |
| 7:05 | Create | Villager (Male) |
| 7:34 | Create | Villager (Male) |
| 7:55 | Build | Mining Camp |
| 8:15 | Research | Feudal Age |
| 9:31 | Create | Villager (Male) |
| 9:31 | Create | Villager (Male) |
| 10:26 | Age | Feudal Age |
| 10:35 | Build | Market |
| 10:39 | Build | Blacksmith |
| 10:52 | Create | Villager (Male) |
| 11:18 | Research | Castle Age |
| 11:18 | Research | Castle Age |
| 11:18 | Research | Castle Age |
| 11:27 | Research | Double-Bit Axe |
| 12:44 | Research | Horse Collar |
| 13:05 | Build | Farm |
| 13:13 | Create | Villager (Male) |
| 13:13 | Create | Villager (Male) |
| 13:16 | Build | House |
| 13:45 | Build | Farm |
| 13:58 | Age | Castle Age |
| 14:00 | Build | Town Center |
| 14:03 | Create | Villager (Male) |
| 14:16 | Build | Monastery |
| 14:32 | Research | Bow Saw |
| 14:35 | Create | Villager (Male) |
| 14:54 | Build | Farm |
| 14:59 | Create | Monk |
| 14:59 | Create | Monk |
| 15:03 | Build | Farm |
| 15:12 | Create | Villager (Male) |
| 15:12 | Create | Villager (Male) |
| 15:12 | Create | Villager (Male) |
| 15:19 | Build | Farm |
| 15:25 | Create | Monk |
| 15:40 | Build | Farm |
| 15:44 | Build | Farm |
| 15:59 | Create | Villager (Male) |
| 16:00 | Create | Villager (Male) |
| 16:10 | Build | House |
| 16:13 | Build | House |
| 16:14 | Build | House |
| 16:16 | Create | Villager (Male) |
| 16:30 | Build | Farm |
| 16:32 | Build | Farm |
| 16:57 | Create | Villager (Male) |
| 16:57 | Create | Villager (Male) |
| 17:01 | Build | Farm |
| 17:03 | Create | Villager (Male) |
| 17:19 | Build | Town Center |
| 17:22 | Create | Villager (Male) |
| 17:22 | Create | Villager (Male) |
| 17:29 | Build | House |
| 17:32 | Create | Villager (Male) |
| 17:32 | Create | Villager (Male) |
| 17:43 | Research | Fervor |
| 17:44 | Create | Villager (Male) |
| 17:44 | Create | Villager (Male) |
| 18:09 | Create | Villager (Male) |
| 18:14 | Build | Farm |
| 18:14 | Build | Farm |
| 18:14 | Build | Farm |
| 18:15 | Build | Farm |
| 18:15 | Build | Farm |
| 18:21 | Research | Heavy Plow |
| 18:27 | Build | Farm |
| 18:29 | Build | Farm |
| 18:29 | Build | Farm |
| 18:32 | Build | Farm |
| 18:34 | Build | Farm |
| 18:36 | Create | Villager (Male) |
| 18:36 | Create | Villager (Male) |
| 18:36 | Create | Villager (Male) |
| 18:47 | Create | Villager (Male) |
| 18:47 | Create | Villager (Male) |
| 18:48 | Create | Villager (Male) |
| 18:50 | Create | Monk |
| 18:53 | Build | Farm |
| 18:57 | Build | Farm |
| 18:57 | Build | Farm |
| 18:57 | Build | Farm |
| 18:58 | Build | Farm |
| 18:58 | Build | Farm |
| 19:09 | Create | Villager (Male) |
| 19:10 | Create | Villager (Male) |
| 19:13 | Build | Farm |
| 19:17 | Build | House |
| 19:25 | Create | Villager (Male) |
| 19:25 | Create | Villager (Male) |
| 19:33 | Research | Gold Mining |
| 19:50 | Create | Monk |
| 19:52 | Create | Villager (Male) |
| 19:52 | Create | Villager (Male) |
| 19:54 | Build | Farm |
| 19:57 | Build | House |
| 19:58 | Build | House |
| 19:58 | Build | House |
| 19:58 | Build | House |
| 19:59 | Build | House |
| 19:59 | Build | House |
| 19:59 | Build | House |
| 20:00 | Build | House |
| 20:00 | Build | House |
| 20:00 | Build | House |
| 20:04 | Create | Villager (Male) |
| 20:04 | Create | Villager (Male) |
| 20:36 | Build | Farm |
| 20:38 | Create | Villager (Male) |
| 20:38 | Create | Villager (Male) |
| 20:39 | Create | Villager (Male) |
| 20:51 | Create | Villager (Male) |
| 20:51 | Create | Villager (Male) |
| 20:59 | Build | Town Center |
| 21:04 | Research | Wheelbarrow |
Match timeline
| 10:07 | PorT_phlyp · age_up feudal |
| 10:26 | max50202 · age_up feudal |
| 10:30 | Elispar · age_up feudal |
| 11:11 | dobry gracz2137 · age_up feudal |
| 11:48 | sheng.an.max · age_up feudal |
| 11:55 | PorT_BarroZo · first_building Barracks |
| 12:42 | Dharos · age_up feudal |
| 13:20 | PorT_steves · age_up feudal |
| 13:37 | PorT_phlyp · age_up castle |
| 13:42 | sheng.an.max · first_building Barracks |
| 13:42 | PorT_phlyp · first_building Siege Workshop |
| 13:50 | Elispar · first_building Barracks |
| 13:58 | max50202 · age_up castle |
| 14:15 | PorT_phlyp · first_building Monastery |
| 14:16 | max50202 · first_building Monastery |
| 14:25 | Elispar · age_up castle |
| 14:26 | Elispar · first_building Stable |
| 14:31 | max50202 · first_market_buy 100 wood |
| 16:00 | Elispar · first_building Archery Range |
| 16:02 | PorT_phlyp · first_market_buy 100 wood |
| 16:35 | PorT_BarroZo · age_up feudal |
| 17:03 | PorT_steves · first_market_sell 100 wood |
| 17:20 | PorT_steves · age_up castle |
| 17:25 | PorT_steves · first_building Castle |
| 17:26 | PorT_BarroZo · first_building Stable |
| 17:27 | sheng.an.max · age_up castle |
| 17:31 | Dharos · first_building Barracks |
| 18:59 | Dharos · first_building Archery Range |
| 19:01 | Dharos · first_building Stable |
| 19:15 | Dharos · age_up castle |
| 19:22 | dobry gracz2137 · age_up castle |
| 20:30 | PorT_BarroZo · age_up castle |
| 20:31 | PorT_BarroZo · first_building Castle |
| 20:56 | max50202 · first_market_sell 100 wood |
| 22:10 | PorT_steves · age_up imperial |
| 22:22 | dobry gracz2137 · first_building Barracks |
| 22:57 | dobry gracz2137 · first_building Siege Workshop |
| 23:06 | PorT_phlyp · first_building Barracks |
| 23:21 | Elispar · first_building Castle |
| 24:03 | max50202 · first_building Barracks |
| 24:39 | Dharos · first_market_buy 100 stone |
| 25:31 | PorT_steves · first_building Siege Workshop |
| 25:57 | dobry gracz2137 · first_building Castle |
| 26:03 | max50202 · first_building Castle |
| 26:12 | sheng.an.max · first_building Stable |
| 26:46 | max50202 · first_building Siege Workshop |
| 26:57 | dobry gracz2137 · first_building Stable |
| 27:01 | PorT_steves · first_building Barracks |
| 27:08 | max50202 · first_building Stable |
| 27:42 | Elispar · first_market_sell 100 wood |
| 27:44 | Elispar · first_market_buy 100 stone |
| 28:50 | PorT_phlyp · age_up imperial |
| 29:03 | PorT_phlyp · first_building Castle |
| 29:04 | PorT_steves · first_building Stable |
| 29:26 | max50202 · first_building Archery Range |
| 29:34 | sheng.an.max · first_building Monastery |
| 29:47 | Dharos · first_building Castle |
| 30:05 | Elispar · first_building Monastery |
| 31:31 | max50202 · age_up imperial |
| 33:18 | Elispar · age_up imperial |
| 34:50 | sheng.an.max · age_up imperial |
| 35:40 | Dharos · age_up imperial |
| 35:50 | Dharos · first_market_sell 500 food |
| 35:56 | PorT_BarroZo · age_up imperial |
| 37:58 | PorT_phlyp · first_building Stable |
| 38:09 | dobry gracz2137 · age_up imperial |
| 39:27 | sheng.an.max · first_market_sell 100 wood |
| 40:05 | PorT_BarroZo · wall_segment Stone Wall x4 |
| 40:07 | PorT_BarroZo · wall_segment Stone Wall x9 |
| 40:10 | PorT_BarroZo · wall_segment Stone Wall x16 |
| 41:38 | PorT_steves · wall_segment Stone Wall x9 |
| 42:30 | PorT_steves · wall_segment Stone Wall x6 |
| 42:56 | max50202 · wall_segment Stone Wall x1 |
| 42:59 | max50202 · wall_segment Stone Wall x1 |
| 44:57 | PorT_phlyp · tribute_sent a jugador 2 |
| 44:57 | PorT_phlyp · tribute_sent a jugador 3 |
| 44:57 | PorT_phlyp · tribute_sent a jugador 4 |
| 44:57 | PorT_phlyp · tribute_sent a jugador 5 |
| 44:57 | PorT_phlyp · tribute_sent a jugador 6 |
| 44:57 | PorT_phlyp · tribute_sent a jugador 7 |
| 44:57 | PorT_phlyp · tribute_sent a jugador 8 |
| 46:33 | sheng.an.max · first_market_buy 100 wood |
| 48:11 | PorT_phlyp · wall_segment Stone Wall x3 |
| 48:12 | PorT_BarroZo · wall_segment Stone Wall x1 |
| 49:25 | max50202 · resign |
| 50:03 | PorT_phlyp · tribute_sent a jugador 2 |
| 50:03 | PorT_phlyp · tribute_sent a jugador 3 |
| 50:03 | PorT_phlyp · tribute_sent a jugador 4 |
| 50:03 | PorT_phlyp · tribute_sent a jugador 5 |
| 50:03 | PorT_phlyp · tribute_sent a jugador 6 |
| 50:03 | PorT_phlyp · tribute_sent a jugador 7 |
| 50:03 | PorT_phlyp · tribute_sent a jugador 8 |
| 50:23 | Elispar · tribute_sent a jugador 1 |
| 50:23 | Elispar · tribute_sent a jugador 2 |
| 50:23 | Elispar · tribute_sent a jugador 4 |
| 50:23 | Elispar · tribute_sent a jugador 5 |
| 50:24 | Elispar · tribute_sent a jugador 6 |
| 50:24 | Elispar · tribute_sent a jugador 7 |
| 50:24 | Elispar · tribute_sent a jugador 8 |
| 50:57 | PorT_phlyp · tribute_sent a jugador 2 |
| 50:57 | PorT_phlyp · tribute_sent a jugador 3 |
| 50:57 | PorT_phlyp · tribute_sent a jugador 4 |
| 50:57 | PorT_phlyp · tribute_sent a jugador 5 |
| 50:57 | PorT_phlyp · tribute_sent a jugador 6 |
| 50:57 | PorT_phlyp · tribute_sent a jugador 7 |
| 50:57 | PorT_phlyp · tribute_sent a jugador 8 |
| 54:41 | PorT_phlyp · tribute_sent a jugador 2 |
| 54:41 | PorT_phlyp · tribute_sent a jugador 3 |
| 54:41 | PorT_phlyp · tribute_sent a jugador 4 |
| 54:41 | PorT_phlyp · tribute_sent a jugador 5 |
| 54:41 | PorT_phlyp · tribute_sent a jugador 6 |
| 54:41 | PorT_phlyp · tribute_sent a jugador 7 |
| 54:41 | PorT_phlyp · tribute_sent a jugador 8 |
| 55:23 | PorT_phlyp · tribute_sent a jugador 2 |
| 55:23 | PorT_phlyp · tribute_sent a jugador 3 |
| 55:23 | PorT_phlyp · tribute_sent a jugador 4 |
| 55:23 | PorT_phlyp · tribute_sent a jugador 5 |
| 55:23 | PorT_phlyp · tribute_sent a jugador 6 |
| 55:23 | PorT_phlyp · tribute_sent a jugador 7 |
| 55:23 | PorT_phlyp · tribute_sent a jugador 8 |
| 58:22 | PorT_phlyp · tribute_sent a jugador 2 |
| 58:22 | PorT_phlyp · tribute_sent a jugador 3 |
| 58:22 | PorT_phlyp · tribute_sent a jugador 4 |
| 58:22 | PorT_phlyp · tribute_sent a jugador 5 |
| 58:22 | PorT_phlyp · tribute_sent a jugador 6 |
| 58:22 | PorT_phlyp · tribute_sent a jugador 7 |
| 58:22 | PorT_phlyp · tribute_sent a jugador 8 |
| 59:50 | PorT_BarroZo · first_market_sell 500 wood |
| 61:11 | PorT_phlyp · tribute_sent a jugador 2 |
| 61:11 | PorT_phlyp · tribute_sent a jugador 3 |
| 61:11 | PorT_phlyp · tribute_sent a jugador 4 |
| 61:11 | PorT_phlyp · tribute_sent a jugador 5 |
| 61:11 | PorT_phlyp · tribute_sent a jugador 6 |
| 61:11 | PorT_phlyp · tribute_sent a jugador 7 |
| 61:11 | PorT_phlyp · tribute_sent a jugador 8 |
| 62:17 | dobry gracz2137 · first_market_sell 100 stone |
| 63:46 | PorT_phlyp · tribute_sent a jugador 2 |
| 63:46 | PorT_phlyp · tribute_sent a jugador 3 |
| 63:46 | PorT_phlyp · tribute_sent a jugador 4 |
| 63:46 | PorT_phlyp · tribute_sent a jugador 5 |
| 63:46 | PorT_phlyp · tribute_sent a jugador 6 |
| 63:46 | PorT_phlyp · tribute_sent a jugador 7 |
| 63:46 | PorT_phlyp · tribute_sent a jugador 8 |
[ AI ANALYSIS · 1 CREDIT ]
What really happened in this match?
Wolo.gg analyzes every decision: build order, eco, micro, common mistakes by bracket. Personalized analysis on WhatsApp or Discord in 30 seconds.
Civ guide
Romans
Perfil
Jugador #21231480